 Dungeon Crawl Stone Soup version 0.30-a0-2-gf48d83f5e2 (webtiles) character file.

Game seed: 10674210368103477330

20423 inmateoo the Martial Artist (level 12, -2/120 HPs)
             Began as a Grey Draconian Transmuter on Aug 19, 2022.
             Was an Initiate of Gozag.
             Slain by a six-headed hydra (9 damage)
             ... on level 11 of the Dungeon on Aug 20, 2022.
             The game lasted 00:26:54 (16433 turns).

inmateoo the Martial Artist (DrTm)                 Turns: 16433, Time: 00:26:55

Health: -2/120     AC:  8    Str: 13    XL:     12   Next: 45%
Magic:  21/25      EV: 12    Int: 17    God:    Gozag
Gold:   2241       SH:  0    Dex: 13    Spells: 16/30 levels left

rFire   x . .      SeeInvis .      - Unarmed
rCold   + + +      Faith    .    (shield currently unavailable)
rNeg    . . .      Spirit   .    (body armour unavailable)
rPois   +          Reflect  .    (helmet currently unavailable)
rElec   .          Harm     .    (cloak currently unavailable)
rCorr   .          Rampage  .    (gloves currently unavailable)
Will    .....                    (boots currently unavailable)
Stlth   +.........               (no amulet)
HPRegen 0.30/turn                (no ring)
MPRegen 0.19/turn                y - ring of wizardry

@: ice-form
A: freezing attack, boosted hp, AC +13, amphibious, large, unfitting armour,
(cold-blooded)
a: End Transformation, Renounce Religion, Potion Petition, Call Merchant, Bribe
Branch


You were on level 11 of the Dungeon.
You worshipped Gozag.
Gozag was most pleased with you.
You were a creature of crystalline ice.
You visited 2 branches of the dungeon, and saw 12 of its levels.
You also visited: Sewer and Bailey.

You collected 2684 gold pieces.
You spent 357 gold pieces at shops.
You paid 86 gold pieces to Gozag.

Inventory:

Hand Weapons
 n - a +0 longbow
Armour
 e - a +0 hat
 g - a +1 cloak (melded)
 i - the +4 pair of gloves of Indomitability (melded) {Str+2}
   (You bought it in a shop on level 2 of the Dungeon)

   Str:       It affects your strength (+2).
Jewellery
 t - a ring of fire
 y - a ring of wizardry (right front paw)
Wands
 h - a wand of mindburst (6)
 q - a wand of acid (3)
 r - a wand of iceblast (23)
 u - a wand of digging (8)
 C - a wand of polymorph (2)
 D - a wand of flame (14)
Scrolls
 b - 5 scrolls of enchant armour
 c - 2 scrolls of teleportation
 d - 3 scrolls of poison
Potions
 a - 2 potions of lignification
 f - 2 potions of might
 j - 3 potions of curing
 k - 3 potions of brilliance
 l - a potion of heal wounds
 m - 2 potions of invisibility
 o - 3 potions of haste
 p - a potion of resistance
 s - 3 potions of degeneration {unknown}
 v - 2 potions of magic {unknown}
 w - a potion of flight
 x - a potion of cancellation
 z - a potion of ambrosia
 A - 2 potions of mutation {unknown}


   Skills:
 - Level 7.0 Fighting
 + Level 7.2 Dodging
 + Level 10.7 Unarmed Combat
 + Level 9.6 Spellcasting
 - Level 7.0 Transmutations
 - Level 4.0 Ice Magic
 - Level 7.0 Poison Magic
 - Level 5.0 Evocations


You had 16 spell levels left.
You knew the following spells:

 Your Spells              Type           Power      Damage    Failure   Level
a - Beastly Appendage     Tmut           62%        N/A       1%          1
b - Wereblood             Tmut           31%        N/A       1%          2
c - Spider Form           Tmut/Pois      31%        N/A       1%          3
d - Olgreb's Toxic Radia  Pois           31%        N/A       1%          4
e - Ice Form              Ice/Tmut       26%        N/A       4%          4

Your spell library contained the following spells:

 Spells                   Type           Power      Damage    Failure   Level
 Sting                    Tmut/Pois      100%       1d8       1%          1
 Poisonous Vapours        Pois/Air       40%        N/A       1%          2
 Ensorcelled Hibernation  Hex/Ice        28%        N/A       2%          2
 Ozocubu's Armour         Ice            21%        N/A       2%          3
 Blade Hands              Tmut           15%        N/A       6%          5
 Gell's Gravitas          Tloc           8%         N/A       11%         3
 Lesser Beckoning         Tloc           8%         N/A       11%         3
 Teleport Other           Tloc           8%         N/A       11%         3
 Anguish                  Hex/Necr       4%         N/A       32%         4
 Dispersal                Tloc           4%         N/A       99%         6
 Iron Shot                Conj/Erth      4%         9d2       99%         6
 Ozocubu's Refrigeration  Ice            10%        4d9       99%         7
 Disjunction              Tloc           4%         N/A       100%        8
 Animate Armour           Summ/Erth      Unusable   N/A       N/A         4

Dungeon Overview and Level Annotations

Branches:
Dungeon (11/15)            Temple (1/1) D:4            Lair (0/5) D:10
  Sewer (visited)          Bailey (visited)
    Orc: D:9-12

Altars:
Ashenzari
Cheibriados
Dithmenos
Elyvilon
Fedhas
Gozag
Hepliaklqana
Kikubaaqudgha
Makhleb
Nemelex Xobeh
Okawaru
Qazlal
Ru
Sif Muna
Trog
Uskayaw
Vehumet
Wu Jian
Xom
Yredelemnul
Zin
The Shining One

Shops:
D:2 [[

Annotations:
D:5 Dowan
D:10 exclusion: oklob plant


Innate Abilities, Weirdness & Mutations

You are a creature of crystalline ice.
You have a powerful freezing melee attack.
Your maximum health is increased.
Your armour is entirely melded.
You are incapable of wielding weapons or throwing items.
((Your dull iron-grey scales are very hard. (AC +13)))
You are amphibious.
You cannot fit into any form of body armour.
((You are cold-blooded and may be slowed by cold attacks.))


Message History

Confirm with . or Enter, or press ? or * to list all spells.
You turn into a creature of crystalline ice.
Your +1 cloak melds into your body.
The +4 pair of gloves of Indomitability {Str+2} melds into your body.
The six-headed hydra bites you. The six-headed hydra bites you!
The six-headed hydra bites you.
The six-headed hydra bites you but does no damage.
The six-headed hydra bites you. The six-headed hydra barely misses you.
You hit the six-headed hydra but do no damage.
The six-headed hydra is moderately wounded.
The six-headed hydra bites you! The six-headed hydra barely misses you.
The six-headed hydra bites you. The six-headed hydra bites you!
The six-headed hydra barely misses you.
The six-headed hydra completely misses you.
You pummel the six-headed hydra!! You freeze the six-headed hydra.
The six-headed hydra is heavily wounded.
You hit the six-headed hydra but do no damage.
The six-headed hydra is heavily wounded.
The six-headed hydra bites you. The six-headed hydra bites you!
The six-headed hydra bites you but does no damage.
The six-headed hydra bites you. x3
You hit the six-headed hydra. You freeze the six-headed hydra.
The six-headed hydra is severely wounded.
The six-headed hydra misses you. The six-headed hydra bites you!
The six-headed hydra bites you but does no damage.
The six-headed hydra bites you! x2
* * * LOW HITPOINT WARNING * * *
The six-headed hydra bites you but does no damage.
You completely miss the six-headed hydra.
The six-headed hydra is heavily wounded.
The six-headed hydra bites you.
* * * LOW HITPOINT WARNING * * *
The six-headed hydra bites you!
* * * LOW HITPOINT WARNING * * *
The six-headed hydra closely misses you.
The six-headed hydra bites you.
* * * LOW HITPOINT WARNING * * *
The six-headed hydra bites you!
You die...
Your body crumbles into a pile of gold.

#.## #####'### #.# #..#
#.......#####'### ####'###
#.......##....... #......#
#.......##....... #......####
#.......##.......
#......'>.####.<.....#........
#......##....#.......D..D.....
#......#####.#D......##.......
#<.....# #.Y.......##.......
#......# ###.......##.......
######## ##########.......
########


You could see a six-headed hydra.

Vanquished Creatures
  2 hydras
  2 centaur warriors (D:10)
  2 two-headed ogres (D:10)
  A tengu warrior (D:10)
  A death knight (D:10)
  Pikel (D:6)
  An ugly thing (D:10)
  2 cyclopes (D:10)
  3 unseen horrors
  A yaktaur (D:10)
  An efreet (D:10)
  A kobold demonologist (D:10)
  A troll (D:10)
  A hornet (D:10)
  Grinder (Sewer)
  A tarantella (shapeshifter) (D:10)
  3 shadows
  Sigmund (D:6)
  2 vampires
  Eustachio (D:6)
  29 yaks
  Menkaure (D:5)
  2 steam dragons (D:8)
  A water moccasin (D:8)
  An ice beast (D:5)
  2 sky beasts (D:6)
  12 orc warriors
  A black bear (D:4)
  16 centaurs
  A lemure (D:6)
  Blork the orc (D:5)
  A phantom (Sewer)
  6 kobold brigands
  5 bullfrogs
  3 scorpions
  A necrophage (D:7)
  11 wights
  11 killer bees
  3 howler monkeys
  5 hounds
  A jelly (D:7)
  Crazy Yiuf (D:6)
  8 orc priests
  2 iguanas
  Ijyb (D:5)
  10 orc wizards
  Robin (D:3)
  7 adders
  2 shadow imps (Sewer)
  2 white imps
  5 ufetubi
  An adder zombie (Sewer)
  3 worms
  3 dart slugs
  44 orcs
  12 bats
  8 endoplasms
  6 giant cockroaches
  8 hobgoblins
  4 jackals (D:2)
  A quokka (D:4)
  6 ball pythons
  A frilled lizard (D:3)
  A giant cockroach zombie (Sewer)
  13 goblins
  34 kobolds
  3 kobold zombies (Sewer)
  2 rats
332 creatures vanquished.

Vanquished Creatures (others)
  11 plants
11 creatures vanquished.

Grand Total: 343 creatures vanquished

Notes
Turn   | Place    | Note
-------+----------+-------------------------------------------
     0 | D:1      | inmateoo the Draconian Transmuter began the quest for the
                  | Orb.
     0 | D:1      | Reached XP level 1. HP: 16/16 MP: 3/3
   457 | D:1      | Reached XP level 2. HP: 12/23 MP: 3/5
   652 | D:1      | Learned a level 2 spell: Wereblood
  1077 | D:1      | Reached XP level 3. HP: 29/29 MP: 4/6
  1081 | D:1      | Learned a level 3 spell: Spider Form
  1387 | D:2      | Found Ajomot's Armour Shop.
  1438 | D:2      | Found Ruhuq's Armour Boutique.
  1843 | D:3      | You fall into a shaft and drop 3 floors!
  1868 | D:6      | Found a runed translucent door.
  1871 | D:6      | Noticed Crazy Yiuf
  1900 | D:6      | Reached XP level 4. HP: 20/36 MP: 3/7
  2030 | D:6      | Noticed a kobold brigand
  2053 | D:6      | Reached skill level 1 in Poison Magic
  2061 | D:6      | Killed a kobold brigand
  2062 | D:6      | Reached XP level 5. HP: 15/42 MP: 3/9
  2302 | D:6      | Noticed Sigmund
  2307 | D:6      | Noticed Eustachio
  2309 | D:6      | Killed Sigmund
  2310 | D:6      | Reached skill level 4 in Unarmed Combat
  2310 | D:6      | Reached XP level 6. HP: 50/50 MP: 10/10
  2313 | D:6      | Killed Eustachio
  2313 | D:6      | Noticed a sky beast
  2314 | D:6      | Reached skill level 5 in Unarmed Combat
  2350 | D:6      | Killed a sky beast
  2351 | D:6      | Your scales start taking on a dull iron-grey colour.
  2351 | D:6      | Reached XP level 7. HP: 41/57 MP: 8/11
  2628 | D:6      | Noticed Pikel
  2647 | D:6      | Killed Pikel
  2648 | D:6      | Reached skill level 7 in Unarmed Combat
  2648 | D:6      | Reached skill level 1 in Evocations
  2648 | D:6      | Reached XP level 8. HP: 36/63 MP: 7/13
  2863 | D:6      | Learned a level 4 spell: Olgreb's Toxic Radiance
  3256 | D:6      | Killed Crazy Yiuf
  3326 | D:5      | Entered Level 5 of the Dungeon
  3332 | D:5      | Learned a level 4 spell: Ice Form
  3336 | D:5      | Noticed Dowan
  3359 | D:5      | Found a glowing drain.
  3373 | Sewer    | Entered a sewer
  3463 | Sewer    | Found an ancient bone altar of Kikubaaqudgha.
  3838 | Sewer    | Reached skill level 1 in Ice Magic
  3868 | Sewer    | Noticed Grinder
  3873 | Sewer    | Killed Grinder
  4079 | D:5      | Noticed Ijyb
  4080 | D:5      | Reached XP level 9. HP: 65/72 MP: 8/15
  4098 | D:5      | Killed Ijyb
  4512 | D:5      | Noticed Blork the orc
  4532 | D:5      | Killed Blork the orc
  4566 | D:5      | Noticed Menkaure
  4577 | D:5      | Killed Menkaure
  5007 | D:5      | Found a glowing golden altar of the Shining One.
  5012 | D:5      | Found a bloodstained altar of Trog.
  5015 | D:5      | Found a basalt altar of Yredelemnul.
  5018 | D:5      | Found an iron altar of Okawaru.
  5495 | D:4      | Found a staircase to the Ecumenical Temple.
  5500 | Temple   | Entered the Ecumenical Temple
  5589 | Temple   | Became a worshipper of Gozag Ym Sagoz the Greedy
  5932 | D:4      | Reached skill level 5 in Fighting
  6340 | D:3      | Found a faded altar of an unknown god.
  6341 | D:3      | Noticed Robin
  6366 | D:3      | Killed Robin
  6983 | D:3      | Found a shadowy altar of Dithmenos.
  7024 | D:3      | Found a blossoming altar of Fedhas.
  7510 | D:2      | Bought the +4 pair of gloves of Indomitability {Str+2} for
                  | 357 gold pieces
  7650 | D:7      | Reached skill level 8 in Unarmed Combat
  8385 | D:8      | Reached skill level 5 in Dodging
  8385 | D:8      | Reached skill level 5 in Spellcasting
  8385 | D:8      | Reached skill level 5 in Poison Magic
  9076 | D:8      | Reached XP level 10. HP: 47/81 MP: 18/18
  9294 | D:8      | Reached skill level 9 in Unarmed Combat
  9758 | D:8      | Found a burning altar of Makhleb.
 10846 | D:9      | Reached XP level 11. HP: 70/88 MP: 3/23
 11383 | D:10     | Entered Level 10 of the Dungeon
 11383 | D:10     | Found a flagged portal.
 11388 | Bailey   | Entered a bailey
 12157 | Bailey   | Reached skill level 5 in Transmutations
 12165 | Bailey   | Identified the +8 executioner's axe of the Wilderness
                  | {flame, Dex+3}
 12166 | Bailey   | Identified the +7 bardiche of the Vendetta {vorpal, Drain
                  | rElec Stlth+}
 12395 | D:10     | Noticed a death knight
 12399 | D:10     | Noticed a centaur warrior
 12416 | D:10     | Killed a centaur warrior
 12417 | D:10     | Reached skill level 5 in Evocations
 12612 | D:10     | Killed a death knight
 12838 | D:10     | Noticed a centaur warrior
 13010 | D:10     | Noticed a two-headed ogre
 13032 | D:10     | Killed a two-headed ogre
 13438 | D:10     | Found a shimmering altar of Xom.
 13439 | D:10     | Noticed a two-headed ogre
 13450 | D:10     | Reached skill level 10 in Unarmed Combat
 13459 | D:10     | Killed a two-headed ogre
 13810 | D:10     | Found a hazy altar of Hepliaklqana.
 14049 | D:10     | Found a staircase to the Lair.
 14052 | D:10     | Noticed an oklob plant
 14303 | D:10     | Reached XP level 12. HP: 100/100 MP: 17/25
 14549 | D:10     | Noticed a five-headed hydra
 14549 | D:10     | Noticed a tengu warrior
 14553 | D:10     | Killed a five-headed hydra
 14575 | D:10     | Killed a tengu warrior
 14988 | D:10     | Killed a centaur warrior
 15423 | D:11     | Noticed a four-headed hydra
 15430 | D:11     | Killed a four-headed hydra
 16057 | D:11     | Noticed a six-headed hydra
 16433 | D:11     | Slain by a six-headed hydra

Illustrated notes

Levels and vault maps discovered:
D:1:      matt_arrival_diagonals, layout_loops_corners
D:2:      layout_loops_ring, serial_shops, shop,
          nicolae_shop_competitors_out_of_business, kennysheep_another_room
D:3:      layout_loops_corners, mainiacjoe_overflow_paths, fedhas_altar_1,
          hellmonk_ecumenical_altar_slurped_away, minmay_misc_feat_encased,
          kennysheep_generic_room_5, uniq_robin
D:4:      layout_loops_ring, temple_doors_cd, chequers_serial_rivers_room_a,
          minmay_stone_trees_small
D:5:      layout_basic, grunt_temple_overflow_cloverleaf, portal_sewer_entry_a,
          uniq_blork_the_orc, uniq_menkaure, uniq_ijyb, uniq_duvessa
D:6:      layout_layer_cave, uniq_sigmund, uniq_crazy_yiuf_cottage,
          uniq_grinder, uniq_pikel, uniq_eustachio
D:7:      layout_cave_pools
D:8:      layout_loops_cross, kennysheep_mini_moat
D:9:      layout_loops_cross, hangedman_decor_lopped, lemuel_flame_loot_1
D:10:     minmay_the_grid_triangle_9x9_rhombus_thin
          [minmay_the_grid_triangle_9x9_intruding_spiral,
          minmay_the_grid_triangle_9x9_prize_top_heavy,
          minmay_the_grid_triangle_9x9_warning,
          minmay_the_grid_triangle_9x9_longest], layout_long_grid,
          xom_confusion_cloud, mainiacjoe_overflow_catwalk, dpeg_oklobed_lair,
          enter_bailey_2
D:11:     layout_roguey, serial_shops, shop
Temple:   compressed_dpeg_triangle_lava_temple

Skill      XL: |  1  2  3  4  5  6  7  8  9 10 11 12 |
---------------+-------------------------------------+-----
Dodging        | 2 3 4 5 6 7 |  7.2
Fighting       | 2 3 4 5 7 |  7.0
Poison Magic   | 1 2 3 5 6 7 |  7.0
Unarmed Combat | 4 5 7 8 9 10 | 10.7
Spellcasting   | 3 4 5 8 9 |  9.6
Transmutations | 3 4 5 7 |  7.0
Evocations     | 1 2 4 5 |  5.0
Ice Magic      | 1 2 4 |  4.0

Action                   |  1- 3 |  4- 6 |  7- 9 | 10-12 || total
-------------------------+-------+-------+-------+-------++-------
Melee: Unarmed           |    89 |    30 |   371 |   297 ||   787
       Kick              |    27 |       |    10 |     4 ||    41
       Tailslap          |     9 |       |    27 |    26 ||    62
       Headbutt          |    11 |       |     7 |     3 ||    21
       Punch             |       |     1 |     3 |    15 ||    19
 Cast: Beastly Appendage |    21 |     1 |     5 |     1 ||    28
       Wereblood         |     3 |     3 |    15 |     8 ||    29
       Spider Form       |     1 |     2 |    18 |     3 ||    24
       Olgreb's Toxic Ra |       |       |     6 |    73 ||    79
       Ice Form          |       |       |     2 |    15 ||    17
 Abil: End Transformatio |       |       |     1 |     1 ||     2
Evoke: Wand              |       |     9 |     8 |    18 ||    35
  Use: Potion            |       |     1 |     2 |     1 ||     4
       Scroll            |       |       |    18 |     9 ||    27
 Stab: Sleeping          |       |       |     2 |     1 ||     3
       Distracted        |       |       |     2 |     2 ||     4
Armor: Skin              |    37 |    11 |    67 |   173 ||   288
Dodge: Dodged            |    77 |    12 |   251 |   227 ||   567

Table legend: (Time is in decaauts)
 A = Elapsed time spent in this place.
 B = Non-inter-level travel time spent in this place.
 C = Inter-level travel time spent in this place.
 D = Time resting spent in this place.
 E = Time spent auto-exploring this place.
 F = Levels seen in this place.
 G = Mean time per level.
                   A        B        C        D        E       F      G
               +--------+--------+--------+--------+--------+-----+--------+
         Total |  16342 |  15845 |    497 |   6908 |   5422 |  14 | 1167.3 |
       Dungeon |  14730 |  14245 |    485 |   6157 |   5164 |  11 | 1339.1 |
        Temple |    102 |     90 |     12 |      0 |     54 |   1 |  102.0 |
         Sewer |    508 |    508 |      0 |    229 |     23 |   1 |  508.0 |
        Bailey |   1000 |   1000 |      0 |    522 |    181 |   1 | 1000.0 |
               +--------+--------+--------+--------+--------+-----+--------+

Top non-repeatable levels by time:
    D:10: 2985 daAuts
     D:9: 1567 daAuts
     D:6: 1498 daAuts
     D:3: 1384 daAuts
     D:8: 1343 daAuts
     D:5: 1234 daAuts
     D:1: 1233 daAuts
     D:7: 1011 daAuts
  Bailey: 1000 daAuts
     D:4: 937 daAuts
    D:11: 886 daAuts
     D:2: 648 daAuts
   Sewer: 508 daAuts
  Temple: 102 daAuts
